 Dungeon Crawl Stone Soup version 0.31-a0-836-g3ceb0a68c4 (webtiles) character file.

Game seed: 6289750619420189181

30 javelincjr the Trooper (level 3, 29/29 HPs)
             Began as a Demonspawn Fighter on Sept 26, 2023.
             Quit the game on level 1 of the Dungeon.
             The game lasted 00:01:41 (860 turns).

javelincjr the Trooper (Demonspawn Fighter)          Turns: 860, Time: 00:01:41

Health: 29/29      AC:  6    Str: 18    XL:     3   Next: 3%
Magic:  3/3        EV:  9    Int:  9    God:
Gold:   46         SH:  4    Dex: 12    Spells: 2/2 levels left

rFire   . . .        a - +0 trident
rCold   . . .        c - +0 buckler
rNeg    . . .        b - +0 scale mail
rPois   .            (no helmet)
rElec   .            (no cloak)
rCorr   .            (no gloves)
SInv    .            (no boots)
Will    .....        (no amulet) Stlth
                     (no ring)
HPRegen 0.24/turn    (no ring)
MPRegen 0.08/turn

%: no passive effects
@: no status effects
A: demonic magic 1
a: no special abilities


You were on level 1 of the Dungeon.
You visited 1 branch of the dungeon, and saw 1 of its levels.

You collected 46 gold pieces.

Inventory:

Hand Weapons
 a - a +0 trident (weapon)
Missiles
 f - 5 boomerangs
Armour
 b - a +0 scale mail (worn)
 c - a +0 buckler (worn)
Scrolls
 e - 4 scrolls of identify {unknown}
 g - a scroll of fog {unknown}
 i - a scroll of vulnerability {unknown}
Potions
 d - a potion of might
 h - a potion of curing {unknown}


   Skills:
 + Level 3.3 Fighting
 + Level 2.1 Polearms
 + Level 3.0 Armour
 + Level 3.0 Shields


You had 2 spell levels left.
You didn't know any spells.
Your spell library was empty.

Dungeon Overview and Level Annotations

Branches:
Dungeon (1/15)

Altars:


Innate Abilities, Weirdness & Mutations

Spells you cast may paralyse adjacent enemies.


Message History

You barely miss the rat. The rat bites you.
You closely miss the rat. The rat barely misses you.
You hit the rat.
You kill the rat!
You have reached level 3!
Your experience leads to an increase in your attributes!
Increase (S)trength, (I)ntelligence, or (D)exterity?
You feel stronger. x2
You open the door.
There is an open door here.
h - a fuming ruby potion No target in view!
No target in view!
A rat comes into view.
You reach to attack!
You hit the rat but do no damage. You puncture the rat!
You kill the rat!
No target in view!
No target in view!
As you open the door, it creaks loudly!
You hear a shout!
A kobold comes into view. It is wielding a +0 short sword.
There is an open door here.
You puncture the kobold!
You kill the kobold!
No target in view!
No target in view!
You open the door.
There is a stone staircase leading down here.
You open the door.
There is an open door here.
i - a scroll labelled JIMNUASETHE No target in view!
No target in view!
e - 4 scrolls labelled POMEHY USTRENK (gained 2)
You open the door.
There is an open door here.
You open the door.
There is an open door here.
Done exploring.
Are you sure you want to abandon this character and quit the game? (Confirm with "yes".)

.#.#...#.###....#.# #.##.......
...###.#.# #....#.# #..'.......
...# #.#.# ##...#.# ####...)...
.### #.#.####.....# #.......
.#####.#....'.....### #.......
.......######...#...############.
######## #######..........# #.
#### ###########.........# #.
...# #......@............# #.
...# #...........####....###.
...# #...........# ####...## ...#
#...........# ###..# ...####
#...........# ##). ......#
#...........# ##. ......#
############# #. ......# ##
####### ##########


There were no monsters in sight!

Vanquished Creatures
  2 ball pythons (D:1)
  A bat (D:1)
  2 endoplasms (D:1)
  5 goblins (D:1)
  4 hobgoblins (D:1)
  3 kobolds (D:1)
  2 quokkas (D:1)
  A frilled lizard (D:1)
  7 rats (D:1)
27 creatures vanquished.

Notes
Turn   | Place    | Note
-------+----------+-------------------------------------------
     0 | D:1      | javelincjr the Demonspawn Fighter began the quest for the
                  | Orb.
     0 | D:1      | Reached XP level 1. HP: 18/18 MP: 1/1
   141 | D:1      | Gained mutation: Spells you cast may paralyse adjacent
                  | enemies. [demonic ancestry]
   141 | D:1      | Reached XP level 2. HP: 24/24 MP: 2/2
   637 | D:1      | Reached XP level 3. HP: 25/29 MP: 3/3
   860 | D:1      | Quit the game

Illustrated notes

Levels and vault maps discovered:
D:1:      giann_wishing_wells, layout_basic, st_stairs_12

Skill      XL: |  1  2 |
---------------+-------+-----
Polearms       | 2 |  2.1
Shields        | 3 |  3.0
Armour         | 3 |  3.0
Fighting       | |  3.3

Action                     || total
---------------------------++-------
  Melee: Trident           ||    80
 Armour: Scale mail        ||    55
  Dodge: Dodged            ||    21
  Block: Buckler           ||    19

Table legend: (Time is in decaauts)
 A = Elapsed time spent in this place.
 B = Non-inter-level travel time spent in this place.
 C = Inter-level travel time spent in this place.
 D = Time resting spent in this place.
 E = Time spent auto-exploring this place.
 F = Levels seen in this place.
 G = Mean time per level.
                   A        B        C        D        E       F      G
               +--------+--------+--------+--------+--------+-----+--------+
         Total |    878 |    871 |      7 |      0 |    713 |   1 |  878.0 |
       Dungeon |    878 |    871 |      7 |      0 |    713 |   1 |  878.0 |
               +--------+--------+--------+--------+--------+-----+--------+

Top non-repeatable levels by time:
     D:1: 878 daAuts
